 Dungeon Crawl Stone Soup version 0.18-a0-707-g3781854 (webtiles) character file.

98 Geeful the Insei (level 5, -5/35 HPs)
             Began as a Human Wanderer on Dec 7, 2015.
             Killed from afar by Sigmund (8 damage)
             ... with a magic dart
             ... on level 3 of the Dungeon.
             The game lasted 00:08:58 (3511 turns).

Geeful the Insei (Human Wanderer)                   Turns: 3511, Time: 00:08:58

Health: -5/35      AC:  7    Str: 13    XL:     5   Next: 1%
Magic:  8/8        EV: 11    Int: 11    God:
Gold:   153        SH:  0    Dex: 14    Spells: 0 memorised, 8 levels left

rFire  . . .     SeeInvis .       - Unarmed
rCold  . . .     Clarity  .     p - +0 ring mail
rNeg   . . .     SustAt   .     (no shield)
rPois  .         Gourm    .     (no helmet)
rElec  .         Spirit   .     g - +0 cloak
rCorr  .         Dismiss  .     (no gloves)
rMut   .         Stasis   .     l - +0 pair of boots
MR     .....                    (no amulet)
Stlth  +.........               (no ring)
                                f - +1 ring of evasion

@: not resistant to hostile enchantments, very unstealthy
A: no striking features
a: no special abilities


You were on level 3 of the Dungeon.
You were hungry.

You visited 1 branch of the dungeon, and saw 3 of its levels.

You collected 153 gold pieces.

Inventory:

Armour
 g - a +0 cloak (worn)
 l - a +0 pair of boots (worn)
 p - a +0 ring mail (worn)
Jewellery
 f - a +1 ring of evasion (left hand)
Wands
 i - a wand of paralysis (0)
Scrolls
 h - a scroll of enchant armour {unknown}
 j - 2 scrolls of teleportation {unknown}
 m - a scroll of magic mapping {unknown}
 n - a scroll of remove curse {unknown}
 o - a scroll of amnesia {unknown}
 q - 3 scrolls of fog {unknown}
 r - a scroll of recharging {unknown}
 s - a scroll of fear {unknown}
Potions
 d - a potion of might
Books
 a - a book of Necromancy

   Spells                             Type                      Level
   a - Pain                           Necromancy                   1
   b - Animate Skeleton               Necromancy                   1
   c - Vampiric Draining              Necromancy                   3
   d - Regeneration                   Charms/Necromancy            3
   e - Animate Dead                   Necromancy                   4
   f - Control Undead                 Necromancy                   4
 c - the Papyrus of Boosts

   Spells                             Type                      Level
   a - Infusion                       Charms                       1
   b - Ozocubu's Armour               Charms/Ice                   3
Comestibles
 b - a beef jerky
 e - a bread ration


   Skills:
 - Level 1.0 Throwing
 - Level 1.0 Dodging
   Level 1.0 Shields
 + Level 4.7 Unarmed Combat
 - Level 2.0 Spellcasting
   Level 3.0 Necromancy


You had 8 spell levels left.
You didn't know any spells.

Dungeon Overview and Level Annotations

Branches:
Dungeon (3/15)

Altars:
Ashenzari
Fedhas
Qazlal
Vehumet

Annotations:
D:3 Sigmund


Message History

Aim: Sigmund, wielding a scythe and wearing a robe (chance to defeat MR: 54%) Sigmund resists with significant effort.
Evoking this partially-identified wand wasted a few charges.
Evoke which item? (* to show all) (? for menu, Esc to quit)
Zapping:
i - a wand of paralysis {zapped: 10} (will waste charges)
Press: ? - help, Shift-Dir - straight line, f/p - Sigmund
Aim: Sigmund, wielding a scythe and wearing a robe (chance to defeat MR: 54%) Nothing appears to happen.
Sigmund casts a spell at you. The puff of flame hits you!
* * * LOW HITPOINT WARNING * * *
Evoke which item? (* to show all) (? for menu, Esc to quit)
Okay, then.
Drink which item? (? for menu, Esc to quit)
It was a potion of cure mutation.
It has a very clean taste.
Sigmund barely misses you.
Sigmund giggles. "Time to reap what you sow."
Sigmund casts a spell at you. The magic dart hits you!
You die...

...........#
...........#
...........#
...........#
..#........#
#..........###
#(#..>.......##########
. #.........@.##......#
..#########.†...@.<...#
#.# #.##....(...# ..
#.##........# ..
..........### #.
###......### ###....#
#....# #....#


You could see Sigmund.

Vanquished Creatures
  Natasha (D:3)
  2 adders
  2 oozes
  A worm (D:3)
  2 giant geckos
  A ball python (D:3)
  7 goblins
  4 hobgoblins
  4 kobolds
  3 bats (D:1)
  4 giant cockroaches
  3 giant newts
  9 rats
43 creatures vanquished.

Notes
Turn   | Place    | Note
--------------------------------------------------------------
     0 | D:1      | Geeful the Human Wanderer began the quest for the Orb.
     0 | D:1      | Geeful set off with: a book of Necromancy, a +0 spear, the Papyrus of Boosts, a +0 robe, a bread ration
     0 | D:1      | Reached XP level 1. HP: 13/13 MP: 3/3
     1 | D:1      | Identified the Papyrus of Boosts
   400 | D:1      | Reached XP level 2. HP: 8/19 MP: 5/5
   918 | D:1      | Reached XP level 3. HP: 11/24 MP: 6/6
  1635 | D:2      | Found a blossoming altar of Fedhas.
  1635 | D:2      | Found a stormy altar of Qazlal.
  1641 | D:2      | Found a shattered altar of Ashenzari.
  2357 | D:2      | Reached skill level 4 in Unarmed Combat
  2357 | D:2      | Reached XP level 4. HP: 12/30 MP: 7/7
  2746 | D:3      | Found a radiant altar of Vehumet.
  2982 | D:3      | Noticed Sigmund
  3484 | D:3      | Noticed Natasha
  3501 | D:3      | Killed Natasha
  3501 | D:3      | Reached XP level 5. HP: 7/35 MP: 8/8
  3511 | D:3      | Killed from afar by Sigmund

Vault maps used:
D:1:      minmay_arrival_arboretum_small
D:2:      grunt_temple_overflow_open
D:3:      johnstein_pakellas_death_squad, fiery_altar_vehumet, uniq_natasha,
          uniq_sigmund

Action                   |  1- 3 |  4- 6 || total
-------------------------+-------+-------++-------
Melee: Unarmed           |   181 |    97 ||   278
Evoke: Wand              |       |     4 ||     4
  Use: Scroll            |     2 |       ||     2
       Potion            |       |     4 ||     4
 Stab: Sleeping          |     2 |       ||     2
  Eat: Chunk             |     5 |     1 ||     6
       Beef jerky        |       |     1 ||     1
